 Dungeon Crawl Stone Soup version 0.31-a0-1405-g2bb1a01664 (webtiles) character file.

Game seed: 4061674343808295662

3428 Tollund the Ruffian (level 9, -6/76 HPs)
             Began as a Troll Shapeshifter on Dec 25, 2023.
             Was a Believer of Cheibriados.
             Mangled by a +3 broad axe of freezing (13 damage)
             ... created by the rancor of the Wu Jian Council
             ... on level 7 of the Dungeon.
             The game lasted 00:13:00 (4725 turns).

Tollund the Ruffian (Troll Shapeshifter)            Turns: 4725, Time: 00:13:00

Health: -6/76      AC:  4    Str: 34      XL:     9   Next: 76%
Magic:  11/11      EV: 15    Int: 13 (14) God:    Cheibriados [**....]
Gold:   322        SH:  0    Dex: 13      Spells: 6/12 levels left

rFire   . .          .
                       - Unarmed
rCold   . . .        (no shield)
rNeg    . . .        a - +0 animal skin
rPois   .            (helmet currently unavailable)
rElec   .            p - melded scarf {repulsion}
rCorr   .            (gloves unavailable)
SInv    .            (boots unavailable)
Will    .....        (no amulet)
Stlth   ++           S - +6 ring of strength
HPRegen 1.12/turn    E - +5 ring of evasion
MPRegen 0.12/turn

%: no passive effects
@: beast-form, very slow
A: beast (slay +2), large, unfitting armour, claws 3, regeneration 1, shaggy fur
1, tough skin 1
a: Begin Untransformation, Renounce Religion, Bend Time


You were on level 7 of the Dungeon.
You worshipped Cheibriados.
Cheibriados was pleased with you.
You were a hulking beast.
You visited 2 branches of the dungeon, and saw 8 of its levels.

You collected 322 gold pieces.


Innate Abilities, Weirdness & Mutations

You are a hulking beast.
Your limbs bulge with bestial killing power. (Slay +2)
You are too large for most types of armour.
You have claws for hands.
Your natural rate of healing is unusually fast.
You are covered in fur. (AC +1)
You have tough skin. (AC +1)


   Skills:
 + Level 1.5 Fighting
 + Level 6.3 Throwing
 + Level 2.8 Dodging
 + Level 1.4 Stealth
 + Level 7.4 Unarmed Combat
 + Level 2.1 Spellcasting
 + Level 2.7 Conjurations
 + Level 2.2 Air Magic
 + Level 3.2 Invocations
 + Level 0.8 Evocations
 + Level 4.8 Shapeshifting


You had 6 spell levels left.
You knew the following spells:

 Your Spells              Type           Power      Damage    Failure   Level
a - Airstrike             Air            3%         2d(1-17)  69%         4
s - Static Discharge      Conj/Air       14%        3-4/arc   14%         2

Your spell library contained the following spells:

 Spells                   Type           Power      Damage    Failure   Level
 Summon Lightning Spire   Summ/Air       4%         N/A       83%         4

Inventory:

Missiles
 u - 2 boomerangs (quivered)
Armour
 a - a +0 animal skin (worn)
 p - a scarf of repulsion (melded)
   (You found it on level 3 of the Dungeon)
Jewellery
 E - a +5 ring of evasion (right claw)
   (You found it on level 4 of the Dungeon)
 S - a +6 ring of strength (left claw)
   (You found it on level 1 of the Dungeon)
Talismans
 c - a beast talisman (active)
 d - a flux talisman
 f - a blade talisman
   (You found it on level 6 of the Dungeon)
 m - a storm talisman
   (You found it on level 2 of the Dungeon)
Wands
 k - a wand of flame (7)
   (You found it on level 6 of the Dungeon)
 n - a wand of polymorph (11)
   (You took it off Jessica on level 2 of the Dungeon)
 s - a wand of roots (5)
   (You found it on level 4 of the Dungeon)
 x - a wand of digging (5)
   (You found it on level 5 of the Dungeon)
Scrolls
 h - 2 scrolls of revelation
 i - a scroll of enchant weapon
 j - a scroll of summoning {unknown}
 l - a scroll of vulnerability
 q - 2 scrolls of amnesia
 r - a scroll of poison {unknown}
 v - 2 scrolls of fear
 y - 2 scrolls of blinking {unknown}
 z - a scroll of brand weapon
Potions
 b - 3 potions of lignification
 e - a potion of haste {unknown}
 g - a potion of heal wounds {unknown}
 o - 2 potions of might {unknown}
 t - a potion of mutation {unknown}
 w - a potion of invisibility {unknown}
 A - a potion of enlightenment {unknown}

Dungeon Overview and Level Annotations

Branches:
Dungeon (7/15) Zot: 40177  Temple (1/1) D:4 Zot: 8960

Altars:
Cheibriados
Dithmenos
Hepliaklqana
Makhleb
Qazlal
Ru
Trog
Vehumet
Wu Jian
Xom
Zin
The Shining One

Shops:
D:1

( . .. ...# #.#. ...#
##.#.. #..# #..... #..#
......#+#..# #.........#
[#.#.(..# #.##(###
#.##h####### #.##.......#
#.########.# #.# #.# #.#
#.# #######.##### #.#
......รท<#)..####.#####.#
.........).............#
.......##)..####.#######


You could see 2 dancing weapons.


Message History

The orc wizard is struck by an arc of lightning.
The lightning grounds out.
The orc wizard points at you and mumbles some strange words.
The puff of flame hits you. The orc hits you but does no damage. ??
HP[-3] MP[-2]
You take 3 damage, and now have 72/76 hp.
You lost 2 mp, and now have 9/11 mp.
Casting: Static Discharge (safe; 14% risk of failure)
Confirm with . or Enter, or press ? or * to list all spells.
The orc is struck by an arc of lightning.
You kill the orc!
Cheibriados appreciates the change of pace.
You are struck by an arc of lightning.
The lightning grounds out.
The orc wizard hits you but does no damage. ??
MP[-2]
You lost 2 mp, and now have 7/11 mp.
You scratch the orc wizard. Your claw misses the orc wizard.
The orc wizard hits you but does no damage. ??
HP[+1]
You mangle the orc wizard!!
You kill the orc wizard!
Cheibriados appreciates the change of pace. ??
HP[+1]
Things that are here:
a +0 dagger; a +0 robe; an orc corpse; ??
HP[+1]
Things that are here:
a +0 whip; an orc corpse; ??
HP[+1]
Your hp is fully restored (76).
Things that are here:
a +0 dagger; a +0 robe; an orc corpse; ??
MP[+1]
You see here a +0 trident.
A hound comes into view. ??
MP[+3]
Your mp is fully restored (11).
The puff of flame hits the hound!
The hound barks!
The puff of flame hits the hound.
You throw a boomerang.
The boomerang completely misses the hound.
You throw a boomerang. The boomerang barely misses the hound.
You completely miss the hound. The hound bites you but does no damage.
You mangle the hound!!
You kill the hound!
Cheibriados thoroughly appreciates the change of pace.
Sifu Ma Yunglu whispers: Nowhere to run... 5 dancing weapons come into view.
There is a +3 broad axe of freezing.
There is a +1 dire flail of electrocution.
There is a +0 rapier of freezing.
There is a +3 heavy broad axe.
There is a +3 great sword of flaming.
Unknown command.
The +3 heavy broad axe barely misses you.
The +1 dire flail of electrocution attacks as it pursues you!
The +1 dire flail of electrocution hits you!
You are electrocuted!
The +1 dire flail of electrocution closely misses you. ??
HP[-27]
You take 27 damage, and now have 49/76 hp.
MASSIVE DAMAGE!! (PAUSE)
You scratch the +1 dire flail of electrocution but do no damage.
You feel yourself speed up.
The +1 dire flail of electrocution hits you!!
* * * LOW HITPOINT WARNING * * *
??
HP[-22]
You take 22 damage, and now have 27/76 hp.
MASSIVE DAMAGE!! (PAUSE)
You mangle the +1 dire flail of electrocution!!
You destroy the +1 dire flail of electrocution!
That felt strangely unrewarding. ??
HP[+1]
You claw the +3 heavy broad axe! ??
HP[+1]
You completely miss the +3 heavy broad axe.
You claw the +3 heavy broad axe.
You destroy the +3 heavy broad axe!
That felt strangely unrewarding. ??
HP[+1]
You mangle the +0 rapier of freezing!!
You destroy the +0 rapier of freezing!
That felt strangely unrewarding. ??
HP[+1] ??
HP[+1]
You barely miss the +3 broad axe of freezing.
The +3 broad axe of freezing hits you!
* * * LOW HITPOINT WARNING * * *
The +3 broad axe of freezing freezes you.
* * * LOW HITPOINT WARNING * * *
??
HP[-13]
You take 13 damage, and now have 19/76 hp.
Unknown command.
You scratch the +3 broad axe of freezing. ??
HP[+1]
You barely miss the +3 broad axe of freezing.
The +3 broad axe of freezing hits you!
* * * LOW HITPOINT WARNING * * *
The +3 broad axe of freezing freezes you.
* * * LOW HITPOINT WARNING * * *
??
HP[-14]
You take 14 damage, and now have 6/76 hp.
Unknown command.
You completely miss the +3 broad axe of freezing.
The +3 broad axe of freezing hits you!
You die...

Skill      XL: |  1  2  3  4  5  6  7  8  9 |
---------------+----------------------------+-----
Throwing       | 1 2 3 5 6 |  6.3
Dodging        | 2 |  2.8
Unarmed Combat | 4 5 6 7 |  7.4
Shapeshifting  | 4 |  4.8
Stealth        | 1 |  1.4
Fighting       | 1 |  1.5
Spellcasting   | 1 2 |  2.1
Conjurations   | 1 2 |  2.7
Air Magic      | 1 2 |  2.2
Invocations    | 2 3 |  3.2
Evocations     | |  0.8

Action                     |  1- 3 |  4- 6 |  7- 9 || total
---------------------------+-------+-------+-------++-------
  Melee: Unarmed           |    44 |    74 |   145 ||   263
         Punch             |     1 |     1 |     6 ||     8
  Throw: Stone             |    13 |    23 |    24 ||    60
         Boomerang         |       |    25 |   102 ||   127
   Cast: Static Discharge  |       |       |    12 ||    12
  Evoke: Wand              |       |       |    20 ||    20
    Use: Scroll            |       |       |    10 ||    10
         Potion            |       |       |     1 ||     1
   Stab: Sleeping          |     1 |     3 |       ||     4
 Armour: Animal skin       |    18 |    44 |   100 ||   162
  Dodge: Dodged            |    11 |    23 |    93 ||   127
   Form: Beast             |       |     3 |       ||     3
                           |       |     2 |       ||     2

Levels and vault maps discovered:
D:1:      amcnicky_arrival_choice, layout_rooms, serial_shops, shop
D:2:      layout_basic, solitary_fountain, minmay_rat_gold_closets,
          uniq_sigmund, uniq_jessica
D:3:      layout_basic, uniq_terence
D:4:      layout_basic, amethyst_overflow_temple_binary,
          minmay_temple_entry_antechambers, uniq_eustachio
D:5:      layout_cave_pools, minivault_26, uniq_grinder, uniq_pikel,
          uniq_blork_the_orc
D:6:      layout_loops_cross
D:7:      layout_loops_ring, kennysheep_mini_moat,
          mainiacjoe_overflow_concentric_impassable, uniq_menkaure, uniq_joseph
Temple:   zaba_magenta_temple

Notes
Turn   | Place    | Note
-------+----------+-------------------------------------------
     0 | D:1      | Tollund the Troll Shapeshifter began the quest for the Orb.
     0 | D:1      | Reached XP level 1. HP: 18/18 MP: 0/0
     0 | D:1      | magus.rc [v1.11.6]
   196 | D:1      | Reached XP level 2. HP: 26/26 MP: 1/1
   345 | D:1      | You add the spells Static Discharge, Airstrike and Summon
                  | Lightning Spire to your library.
   375 | D:1      | Found Kuidextoi's Weapon Shop.
   736 | D:2      | Noticed Sigmund
   738 | D:2      | HP: 5/26 [Sigmund/+0 scythe (9)]
   745 | D:2      | Killed Sigmund
   746 | D:2      | Reached skill level 1 in Throwing
   746 | D:2      | Reached skill level 2 in Dodging
   746 | D:2      | Reached skill level 4 in Unarmed Combat
   746 | D:2      | Reached skill level 4 in Shapeshifting
   746 | D:2      | Reached XP level 3. HP: 14/32 MP: 2/2
   746 | D:2      | Reached XP level 4. HP: 17/40 MP: 3/3
   746 | D:2      | Reached XP level 5. HP: 20/46 MP: 4/4
   749 | D:2      | Learned a level 2 spell: Static Discharge
   883 | D:2      | Noticed Jessica
   893 | D:2      | Killed Jessica
   894 | D:2      | Reached skill level 1 in Stealth
  1564 | D:3      | Noticed Terence
  1571 | D:3      | Killed Terence
  1769 | D:3      | Reached XP level 6. HP: 42/54 MP: 5/5
  2086 | D:4      | Reached skill level 5 in Unarmed Combat
  2206 | D:4      | Noticed Eustachio
  2219 | D:4      | Killed Eustachio
  2220 | D:4      | Reached skill level 1 in Fighting
  2220 | D:4      | Reached skill level 2 in Throwing
  2220 | D:4      | Reached skill level 1 in Spellcasting
  2220 | D:4      | Reached skill level 1 in Conjurations
  2220 | D:4      | Reached skill level 1 in Air Magic
  2220 | D:4      | Reached XP level 7. HP: 55/62 MP: 7/7
  2225 | D:4      | Learned a level 4 spell: Airstrike
  2343 | D:4      | Found an ornate altar of the Wu Jian Council.
  2350 | D:4      | Became a worshipper of the Wu Jian Council
  2357 | D:4      | Found a glowing golden altar of the Shining One.
  2426 | D:4      | Found a staircase to the Ecumenical Temple.
  2446 | Temple   | Entered the Ecumenical Temple
  2655 | D:5      | Entered Level 5 of the Dungeon
  2750 | D:5      | Reached skill level 3 in Throwing
  2811 | Temple   | Fell from the grace of Wu Jian
  2811 | Temple   | Became a worshipper of Cheibriados the Contemplative
  2899 | D:5      | Reached XP level 8. HP: 70/70 MP: 9/9
  2997 | D:5      | Reached skill level 4 in Throwing
  3012 | D:5      | Noticed Grinder
  3029 | D:5      | Killed Grinder
  3030 | D:5      | Reached skill level 2 in Conjurations
  3030 | D:5      | Reached skill level 1 in Invocations
  3045 | D:5      | Noticed Pikel
  3063 | D:5      | Killed Pikel
  3064 | D:5      | Reached skill level 5 in Throwing
  3064 | D:5      | Reached skill level 6 in Unarmed Combat
  3064 | D:5      | Reached skill level 2 in Spellcasting
  3064 | D:5      | Reached skill level 2 in Air Magic
  3146 | D:5      | Noticed Blork the orc
  3151 | D:5      | Killed Blork the orc
  3152 | D:5      | Reached skill level 2 in Invocations
  3152 | D:5      | Reached XP level 9. HP: 68/76 MP: 7/11
  3157 | D:5      | HP: 12/76 [iguana (12)]
  3448 | D:6      | Reached * piety under Cheibriados
  3651 | D:6      | HP: 17/76 [+2 glaive of speed[the rancor of the Wu Jian
                  | Council] (16)]
  3653 | D:6      | HP: 1/76 [+2 glaive of speed[the rancor of the Wu Jian
                  | Council] (18)]
  3677 | D:6      | HP: 18/76 [+3 dire flail of electrocution[the rancor of the
                  | Wu Jian Council] (9)]
  3677 | D:6      | HP: 2/76 [+3 dire flail of electrocution[the rancor of the
                  | Wu Jian Council] (16)]
  3820 | D:6      | Reached skill level 3 in Invocations
  3978 | D:6      | Reached skill level 6 in Throwing
  4074 | D:6      | Identified the +0 leather armour of the Beggar {rC+}
  4316 | D:6      | Reached ** piety under Cheibriados
  4448 | D:7      | Noticed Menkaure
  4451 | D:7      | Reached skill level 7 in Unarmed Combat
  4532 | D:6      | HP: 15/76 [steam dragon (10)]
  4537 | D:6      | HP: 19/76 [steam dragon (2)]
  4598 | D:7      | Killed Menkaure
  4722 | D:7      | HP: 19/76 [+3 broad axe of freezing[the rancor of the Wu
                  | Jian Council] (3)]
  4724 | D:7      | HP: 6/76 [+3 broad axe of freezing[the rancor of the Wu
                  | Jian Council] (5)]
  4725 | D:7      | Mangled by a +3 broad axe of freezing

Vanquished Creatures
  Pikel (D:5)
  Grinder (D:5)
  15 dancing weapons
  Sigmund (D:2)
  A wraith (D:5)
  Eustachio (D:4)
  A steam dragon (D:6)
  Menkaure (D:7)
  A water moccasin (D:7)
  2 ice beasts
  2 black bears
  3 ogres
  A centaur (D:6)
  A lemure (D:5)
  A phantom (D:6)
  2 bullfrogs (D:6)
  Blork the orc (D:5)
  2 scorpions
  2 howler monkeys (D:7)
  2 bombardier beetles
  4 hounds
  3 jellies
  A gnoll bouda (D:6)
  2 sleepcaps
  Jessica (D:2)
  Terence (D:3)
  4 iguanas
  3 orc wizards
  11 gnolls
  4 adders
  4 ufetubi
  2 dart slugs
  14 orcs
  4 ball pythons
  5 endoplasms
  2 giant cockroaches
  6 hobgoblins
  A quokka (D:4)
  4 bats
  3 frilled lizards
  6 goblins
  4 kobolds
  13 rats
144 creatures vanquished.

Table legend:
 A = Non-vault XP
 B = Vault XP
 C = Vault XP percentage of total XP
 D = Non-vault monster count
 E = Vault monster count
 F = Vault count percentage of total count
                 A         B        C        D         E       F
            +---------+---------+-------+---------+---------+-------
      Total |    3199 |    1699 |  34.7 |     112 |      16 |  12.5
            +---------+---------+-------+---------+---------+-------
        D:1 |      15 |       0 |   0.0 |      10 |       0 |   0.0
        D:2 |      26 |     271 |  91.2 |      15 |      10 |  40.0
        D:3 |      65 |      36 |  35.6 |      12 |       1 |   7.7
        D:4 |     564 |     223 |  28.3 |      23 |       1 |   4.2
        D:5 |     870 |     994 |  53.3 |      17 |       3 |  15.0
        D:6 |    1330 |       0 |   0.0 |      28 |       0 |   0.0
        D:7 |     329 |     175 |  34.7 |       7 |       1 |  12.5
            +---------+---------+-------+---------+---------+-------

Skill      XL: |  1  2  3  4  5  6  7  8  9 |
---------------+----------------------------+-----
Throwing       | 1 2 3 5 6 |  6.3
Dodging        | 2 |  2.8
Unarmed Combat | 4 5 6 7 |  7.4
Shapeshifting  | 4 |  4.8
Stealth        | 1 |  1.4
Fighting       | 1 |  1.5
Spellcasting   | 1 2 |  2.1
Conjurations   | 1 2 |  2.7
Air Magic      | 1 2 |  2.2
Invocations    | 2 3 |  3.2
Evocations     | |  0.8

Action                     |  1- 3 |  4- 6 |  7- 9 || total
---------------------------+-------+-------+-------++-------
  Melee: Unarmed           |    44 |    74 |   145 ||   263
         Punch             |     1 |     1 |     6 ||     8
  Throw: Stone             |    13 |    23 |    24 ||    60
         Boomerang         |       |    25 |   102 ||   127
   Cast: Static Discharge  |       |       |    12 ||    12
  Evoke: Wand              |       |       |    20 ||    20
    Use: Scroll            |       |       |    10 ||    10
         Potion            |       |       |     1 ||     1
   Stab: Sleeping          |     1 |     3 |       ||     4
 Armour: Animal skin       |    18 |    44 |   100 ||   162
  Dodge: Dodged            |    11 |    23 |    93 ||   127
   Form: Beast             |       |     3 |       ||     3
                           |       |     2 |       ||     2

Illustrated notes

Table legend:
 A = Kills in this place as a percentage of kills in the entire game.
 B = Kills by you in this place as a percentage of kills by you in the entire game.
 C = Kills by friends in this place as a percentage of kills by friends in the entire game.
 D = Other kills in this place as a percentage of other kills in the entire game.
 E = Experience gained in this place as a percentage of experience gained in the entire game.
 F = Experience gained in this place divided by the number of levels of this place that you have seen.
                   A       B       C       D       E      F
               +-------+-------+-------+-------+-------+----------------------
         Total | 100.0 | 100.0 |   N/A |   N/A | 100.0 | 612.2
       Dungeon | 100.0 | 100.0 |   N/A |   N/A | 100.0 | 699.7
               +-------+-------+-------+-------+-------+----------------------

Table legend: (Time is in decaauts)
 A = Elapsed time spent in this place.
 B = Non-inter-level travel time spent in this place.
 C = Inter-level travel time spent in this place.
 D = Time resting spent in this place.
 E = Time spent auto-exploring this place.
 F = Levels seen in this place.
 G = Mean time per level.
                   A        B        C        D        E       F      G
               +--------+--------+--------+--------+--------+-----+--------+
         Total |   5140 |   4802 |    338 |    210 |   3654 |   8 |  642.5 |
       Dungeon |   5107 |   4797 |    310 |    210 |   3654 |   7 |  729.6 |
        Temple |     32 |      4 |     28 |      0 |      0 |   1 |   32.0 |
               +--------+--------+--------+--------+--------+-----+--------+

Top non-repeatable levels by time:
     D:6: 1474 daAuts
     D:3: 829 daAuts
     D:5: 800 daAuts
     D:4: 736 daAuts
     D:2: 676 daAuts
     D:1: 470 daAuts
     D:7: 119 daAuts
  Temple: 32 daAuts
